Cogmind - Beta 10.2 @@@ ROGUE MODE // 2021.08.27 @ 19:23:38 Player: youngster Result: Destroyed by G-67 Veteran with Electrolaser Performance ------------- Evolutions (6) 3000 Regions Visited (13) 2600 Robots Destroyed (80) 400 Value Destroyed (3437) 3437 Prototype IDs (13) 260 Alien Tech Used (0) 0 Bonus (4018) 4018 TOTAL SCORE: 13715 Bonus ------- High Alert Combat Kills 337 Follower Combat Kills 2299 Met Zhirov 300 Built Enhanced Grunts 300 A7 Reached Mainframe 300 Met R17 at Cetus 500 Friendly Fire -18 Cogmind --------- Core Integrity 0/1150 Matter 0/300 Energy 64/100 System Corruption 10% Temperature Cool (0) Movement Core (50) Location -4/Factory Parts ------- > --- POWER (1) -------- (None) > --- PROPULSION (6) --- (None) > --- UTILITY (8) ------ (None) > --- WEAPON (4) ------- Advanced Datajack > --- INVENTORY (4) ---- Decoy Drone Bay (0/16) Peak State ------------ > --- POWER ------------ Quantum Reactor > --- PROPULSION ------- Improved Medium Treads Heavy Treads Centrium Heavy Treads Compact Wheel > --- UTILITY ---------- Medium Storage Unit Large Storage Unit High-capacity Storage Unit Advanced Signal Interpreter Improved Targeting Computer Centrium Medium Armor Plating Centrium Medium Armor Plating Hacking Suite > --- WEAPON ----------- Gauss Rifle Improved KE Penetrator Hypervelocity Gauss Cannon Axe > --- INVENTORY -------- Light Antimatter Reactor Light Treads Improved Treads Flexi-carbon Leg Advanced Cooling System Advanced Sensor Array Advanced Terrain Scanner Weapon Cycler Improved Utility Shielding Medium Reactive Plating Medium Reflective Plating Improved Focal Shield Hardlight Generator Decoy Drone Bay Magnetic Acceleration Cannon Heavy Flak Cannon Advanced Datajack Heavy Pick [Rating: 103] Favorites ----------- Power Ion Engine Engine Ion Engine Power Core Light Nuclear Core Reactor Quantum Reactor Propulsion Light Treads Treads Light Treads Leg Flexi-carbon Leg Wheel Compact Wheel Hover Unit Improved Gravmag System Utility Medium Storage Unit Device Weapon Cycler Storage Medium Storage Unit Processor Improved Targeting Computer Hackware Hacking Suite Protection Centrium Medium Armor Plating Weapon Gauss Rifle Energy Gun Advanced Variable Charge Gun Energy Cannon Advanced Beam Cannon Ballistic Gun Gauss Rifle Ballistic Cannon Battle Cannon Launcher Heavy Rocket Launcher Special Weapon Mining Laser Slashing Weapon Axe Piercing Weapon Heavy Pick Special Melee Weapon Improved Datajack Build | -11 -10 -10 -10 -9 -8 -7 -6 -6 -6 -6 -6 -5 -4 ------- Run | Scr Mat Min Exi Min Mat Fac Fac Ext Cet Arc Hub Fac Fac Slots Evolved 12 | . . . . . 4 2 2 . . . . 2 2 Power . | . . . . . . . . . . . . . . Propulsion 4 | . . . . . 1 . 1 . . . . 1 1 Utility 6 | . . . . . 2 1 1 . . . . 1 1 Weapon 2 | . . . . . 1 1 . . . . . . . Parts Attached 159 | 6 5 4 . 3 23 10 4 24 19 5 19 11 26 Power 9 | 1 . . . 1 2 1 . . 2 . 1 . 1 Engine 5 | 1 . . . 1 1 1 . . 1 . . . . Core 1 | . . . . . 1 . . . . . . . . Reactor 3 | . . . . . . . . . 1 . 1 . 1 Propulsion 34 | 2 2 1 . . 5 . 1 6 2 1 4 4 6 Treads 26 | 2 2 1 . . 4 . 1 6 1 1 4 . 4 Leg 2 | . . . . . . . . . . . . 1 1 Wheel 5 | . . . . . 1 . . . 1 . . 3 . Hover 1 | . . . . . . . . . . . . . 1 Flight . | . . . . . . . . . . . . . . Utility 42 | 1 3 . . . 5 4 3 4 3 . 8 2 9 Device 17 | . . . . . . 3 2 1 1 . 5 1 4 Storage 8 | 1 3 . . . 3 . 1 . . . . . . Processor 3 | . . . . . . . . 2 . . . 1 . Hackware 1 | . . . . . . . . . . . . . 1 Protection 13 | . . . . . 2 1 . 1 2 . 3 . 4 Artifact . | . . . . . . . . . . . . . . Weapon 74 | 2 . 3 . 2 11 5 . 14 12 4 6 5 10 Energy Gun 5 | . . . . . . . . . 3 . 1 . 1 Energy Cannon 2 | . . . . . 2 . . . . . . . . Ballistic Gun 37 | 2 . 2 . 1 8 1 . 8 4 3 3 2 3 Ballistic Cannon 8 | . . . . 1 . 1 . 2 . . 1 . 3 Launcher 10 | . . . . . 1 . . 2 4 . 1 2 . Special Weapon 1 | . . 1 . . . . . . . . . . . Impact Weapon . | . . . . . . . . . . . . . . Slashing Weapon 7 | . . . . . . 3 . 1 . 1 . 1 1 Piercing Weapon 1 | . . . . . . . . . . . . . 1 Special Melee Weapon 3 | . . . . . . . . 1 1 . . . 1 Unidentified Prototypes 6 | . . . . . 1 . 1 . 4 . . . . Parts Lost 44 | . . 1 . 1 1 . . 1 1 3 11 2 23 Power 5 | . . . . 1 1 . . . . . 1 . 2 Propulsion 14 | . . . . . . . . . . 1 4 2 7 Utility 8 | . . . . . . . . . . . 3 . 5 Weapon 17 | . . 1 . . . . . 1 1 2 3 . 9 Highest Loss Streak 18 | . . 1 . 1 1 . . 1 1 3 7 1 18 Average Slot Usage (%) 90 | . 97 100 100 99 99 99 91 95 92 88 89 92 54 Engine 6 | . 14 14 14 13 5 6 6 6 5 . . . . Reactor 1 | . . . . . . . . . . 6 5 5 2 Treads 19 | . 27 28 28 28 18 15 19 20 13 13 15 11 9 Wheel 3 | . . . . . 9 7 6 6 6 6 3 8 2 Device 2 | . . . . . . 7 8 5 5 . 4 5 3 Storage 21 | . 25 28 28 28 26 23 20 20 20 20 20 17 9 Processor 2 | . . . . . . . . 6 6 6 6 11 5 Protection 3 | . . . . . 9 6 3 2 6 13 7 5 3 Ballistic Gun 19 | . 28 26 14 20 23 25 20 23 13 13 19 19 6 Ballistic Cannon 1 | . . . . 7 3 . . 1 . . 3 . 1 Special Weapon 1 | . . 1 14 . . . . . . . . . . Slashing Weapon 1 | . . . . . . 3 6 . . 4 . 1 2 Naked Turns 119 | . . . . . . . . . . . . . 119 Heaviest Build 113 | 11 23 24 23 24 68 76 98 108 103 104 109 105 113 Greatest Support 180 | 40 40 40 40 40 42 42 42 72 110 16 130 130 180 Greatest Overweight (x) 6 | 1 . . . . 4 4 6 6 6 6 6 6 4 Average Overweight (x) 1 | . . . . . 2 2 5 2 5 5 3 2 . Largest Inventory Capacity 26 | 6 12 12 12 12 18 18 26 22 22 22 22 22 22 Average Capacity 16 | 5 10 12 12 12 17 18 21 22 22 22 22 22 14 Most Carried 22 | 3 11 12 12 12 18 18 20 22 22 22 21 22 20 Average Carried 15 | 2 6 11 12 11 15 17 18 21 21 21 18 20 11 Final Capacity 22 | 6 12 12 12 12 18 18 22 22 22 22 22 22 4 Final Carried 22 | 3 11 12 12 12 18 18 19 21 22 19 18 22 2 Class Distribution -------------------- 42% | Mutant 17% | Scavenger-Mutant 11% | Scavenger-Tank 7% | Hauler-Gunner 7% | Scavenger-Gunner 4% | Scavenger-Skirmisher 4% | Tank Dominant Class ---------------- Mutant | -10/Materials Mutant | -10/Mines Mutant | -10/Exiles Mutant | -9/Mines Scavenger-Tank | -8/Materials Tank | -7/Factory Hauler-Tank | -6/Factory Hauler-Gunner | -6/Extension Scavenger-Mutant | -6/Cetus Scavenger-Mutant | -6/Archives Scavenger-Mutant | -6/Hub_04(d) Scavenger-Skirmisher | -5/Factory Mutant | -4/Factory Resources | -11 -10 -10 -10 -9 -8 -7 -6 -6 -6 -6 -6 -5 -4 ----------- Run | Scr Mat Min Exi Min Mat Fac Fac Ext Cet Arc Hub Fac Fac Matter Collected 3216 | 209 172 45 . 77 498 268 . 483 322 22 622 61 437 Remotely . | . . . . . . . . . . . . . . Salvage Created 3431 | . 404 84 . 51 624 143 . 327 233 71 1042 104 348 Parts 181 | . 27 6 . . 37 7 . 10 17 5 46 9 17 Haulers Intercepted 5 | . 1 . . . 4 . . . . . . . . Recyclers Shooed 3 | . . 1 . . . . . 2 . . . . . Parts Field Recycled . | . . . . . . . . . . . . . . Retrieved Matter . | . . . . . . . . . . . . . . Parts Self-Destructed . | . . . . . . . . . . . . . . Prevented . | . . . . . . . . . . . . . . Kills | -11 -10 -10 -10 -9 -8 -7 -6 -6 -6 -6 -6 -5 -4 ------- Run | Scr Mat Min Exi Min Mat Fac Fac Ext Cet Arc Hub Fac Fac Combat Hostiles Destroyed 65 | . 10 2 . 2 10 3 . 4 3 . 18 7 6 Melee 1 | . 1 . . . . . . . . . . . . Guns 42 | . 9 2 . 2 5 3 . 3 . . 14 1 3 Cannons 7 | . . . . . 2 . . . . . 2 . 3 AOE 13 | . . . . . 3 . . . 2 . 2 6 . Classes Destroyed 14 | . 5 . . . 6 . . 2 . . . . 1 Worker 3 | . . . . . 1 1 . . . . 1 . . Builder 3 | . . . . . 1 . . 1 . . 1 . . Tunneler 1 | . 1 . . . . . . . . . . . . Hauler 5 | . 1 . . . 4 . . . . . . . . Recycler 1 | . . . . . . . . 1 . . . . . Watcher 2 | . 1 . . . . . . . 1 . . . . Swarmer 11 | . 3 . . . . . . 1 . . . 7 . Grunt 32 | . 7 2 . 2 4 2 . 2 . . 11 . 2 Brawler 2 | . . . . . 1 . . . . . 1 . . Protector 2 | . . . . . 1 . . . . . 1 . . Sentry 6 | . . . . . 3 . . . . . 1 . 2 Hunter 6 | . . . . . 1 1 . . 1 . 3 . . Programmer 2 | . . . . . . . . . . . . . 2 Behemoth 2 | . . . . . . . . 1 . . 1 . . Cetus Guard 2 | . . . . . . . . . 2 . . . . Best Kill Streak 10 | . 3 2 . 2 4 2 . 2 2 . 10 3 2 Combat Bots Only 9 | . 3 2 . 2 3 2 . 1 2 . 9 3 2 Max Kills in Single Turn 3 | . 1 1 . 1 3 1 . 1 1 . 2 3 1 Gunslinging . | . . . . . . . . . . . . . . Exploded 3 | . . . . . 3 . . . 1 . 2 3 . Melee 1 | . 1 . . . . . . . . . . . . Uniques/NPCs Destroyed . | . . . . . . . . . . . . . . Combat | -11 -10 -10 -10 -9 -8 -7 -6 -6 -6 -6 -6 -5 -4 -------- Run | Scr Mat Min Exi Min Mat Fac Fac Ext Cet Arc Hub Fac Fac Damage Taken 11546 | . 379 120 . 451 374 247 . 416 667 1260 2576 474 4582 Core 1708 | . 46 16 . 39 58 17 . 32 71 46 194 27 1162 Absorbed by Shields 9 | . . . . . . . . 9 . . . . . Reduced by Siege Mode 149 | . . . . . . . . . . . 6 . 143 Core Remaining (%) 83 | 100 . . . 59 89 97 . . . . 59 97 . Volleys Fired 229 | . 41 12 . 15 29 12 . 18 15 1 36 6 44 Largest 4 | . 2 2 . 2 3 4 . 4 3 1 4 3 3 Hottest 240 | . 40 100 . 120 87 117 . 139 240 80 178 89 170 Shots Fired 541 | . 82 17 . 30 73 43 . 56 21 1 118 8 92 Gun 429 | . 82 10 . 26 55 41 . 48 8 1 99 4 55 Cannon 77 | . . . . 1 15 2 . 4 . . 18 . 37 Launcher 25 | . . . . . 3 . . 4 13 . 1 4 . Special 10 | . . 7 . 3 . . . . . . . . . Kinetic 470 | . 82 10 . 27 69 43 . 52 6 . 108 4 69 Thermal 46 | . . 7 . 3 1 . . . 2 1 9 . 23 Explosive 10 | . . . . . 3 . . . 2 . 1 4 . Electromagnetic 15 | . . . . . . . . 4 11 . . . . Robot Hit Streak 44 | . 15 4 . 11 9 4 . 10 11 . 24 2 44 Robot Miss Streak 8 | . 3 2 . 2 3 3 . 8 3 . 2 5 6 Penetration Max 1 | . . . . . . . . 1 . . 1 . 1 Secondary Targets 6 | . . . . 1 1 1 . 1 . . 2 . . Max Gunslinging Chain 1 | . . . . 1 1 1 . 1 . . 1 . . Shots Hit Robots 401 | . 56 7 . 23 54 27 . 47 12 3 86 4 82 Core Hits 207 | . 27 5 . 7 33 10 . 21 19 2 42 9 32 Critical Hits 20 | . . 1 . . . . . . 1 . 11 . 7 Critical Kills 9 | . . 1 . . . . . . . . 5 . 3 Critical Parts Destroyed 10 | . . . . . . . . . 1 . 6 . 3 Melee Attacks 55 | . . . . . . 18 5 6 2 3 1 1 19 Impact . | . . . . . . . . . . . . . . Slashing 46 | . . . . . . 18 5 2 . 3 1 1 16 Piercing 2 | . . . . . . . . . . . . . 2 Sneak Attacks 6 | . . . . . . . . 4 2 . . . . Combat Hostiles . | . . . . . . . . . . . . . . Follow-up Attacks . | . . . . . . . . . . . . . . Damage Inflicted 9942 | . 451 79 . 287 1481 359 . 1101 1036 370 2709 500 1569 Guns 5834 | . 420 75 . 216 594 344 . 789 94 . 2168 19 1115 Cannons 957 | . . . . . 170 15 . 70 . . 251 . 451 Explosions 2608 | . . . . . 698 . . 209 942 . 278 481 . Melee 370 | . . . . . . . . . . 370 . . . Ramming 125 | . 31 4 . 23 19 . . 33 . . 12 . 3 Kinetic 5959 | . 420 75 . 216 764 359 . 859 94 . 2126 19 1027 Thermal 970 | . . . . 48 . . . . 90 . 293 . 539 Explosive 1683 | . . . . . 698 . . . 226 . 278 481 . Electromagnetic 835 | . . . . . . . . 209 626 . . . . Impact . | . . . . . . . . . . . . . . Slashing 370 | . . . . . . . . . . 370 . . . Piercing . | . . . . . . . . . . . . . . Highest Corruption 10 | . . . . . . . . . . . . 3 10 Average Corruption 6 | . . . . . . . . . . . . 3 7 Corruption Purged . | . . . . . . . . . . . . . . Effects 21 | . . . . . . . . . . . . 4 17 Message Errors 4 | . . . . . . . . . . . . 1 3 Matter Fused 6 | . . . . . . . . . . . . 3 3 Heat Flow Errors 3 | . . . . . . . . . . . . . 3 Energy Discharges 2 | . . . . . . . . . . . . . 2 Parts Rejected 1 | . . . . . . . . . . . . . 1 Data Loss (minor) 3 | . . . . . . . . . . . . . 3 Targeting Errors 2 | . . . . . . . . . . . . . 2 Overload Shots 1 | . . . . . . . . . 1 . . . . Overflow Damage 165 | . . . . . 56 . . . 16 78 . 15 . Projectiles . | . . . . . . . . . . . . . . Explosions 87 | . . . . . 56 . . . 16 . . 15 . Melee 78 | . . . . . . . . . . 78 . . . Knockbacks 23 | . 1 . . . 2 . . . . . 2 . 18 Impact 1 | . 1 . . . . . . . . . . . . Kinetic 19 | . . . . . 2 . . . . . 2 . 15 Secondary 3 | . . . . . . . . . . . . . 3 Self-Inflicted Damage 21 | . . . . . 5 . . 3 . . . 13 . Shots 1 | . . . . . . . . . . . . 1 . Rammed 24 | . 7 2 . 6 2 . . 4 . . 2 . 1 Targets Rammed 26 | . 9 2 . 6 2 . . 4 . . 2 . 1 Kicked . | . . . . . . . . . . . . . . Crushed 2 | . 2 . . . . . . . . . . . . Highest Temperature 340 | . 25 100 . 167 63 336 . 168 212 30 322 3 340 Average Temperature 79 | . 9 33 . 84 18 140 . 70 50 16 106 2 112 Received Heat Transfer 2091 | . 165 63 . 252 108 108 . 138 24 . 540 . 693 Effects 1 | . . . . . . 1 . . . . . . . Shutdowns 1 | . . . . . . 1 . . . . . . . Siege Activations 3 | . . . . . . . . . . . 1 . 2 Total Turns 47 | . . . . . . . . . . . 8 . 39 Longest Duration 24 | . . . . . . . . . . . 8 . 24 Robots Corrupted 2 | . . . . . . . . 1 1 . . . . Combat Hostiles 2 | . . . . . . . . 1 1 . . . . Parts Fried 4 | . . . . . . . . 2 2 . . . . Impact Corruptions . | . . . . . . . . . . . . . . Robots Melted . | . . . . . . . . . . . . . . Combat Hostiles . | . . . . . . . . . . . . . . Parts Melted . | . . . . . . . . . . . . . . Heat Transferred 1260 | . . . . 100 . . . . 50 . 333 . 777 Parts Sabotaged . | . . . . . . . . . . . . . . Parts Stolen . | . . . . . . . . . . . . . . Parts Stripped . | . . . . . . . . . . . . . . Power Chain Reactions 2 | . . . . . . . . . 2 . . . . Missiles Intercepted . | . . . . . . . . . . . . . . Alert | -11 -10 -10 -10 -9 -8 -7 -6 -6 -6 -6 -6 -5 -4 ------- Run | Scr Mat Min Exi Min Mat Fac Fac Ext Cet Arc Hub Fac Fac Peak Influence 923 | . 203 98 . 65 624 391 100 471 923 850 746 575 352 Initial 369 | . . 58 . . 25 283 95 49 263 369 295 294 276 Average 237 | . 98 32 . 27 357 306 97 244 586 608 440 373 178 Maximum Alert Level 3 | . 1 . . . 2 1 . 2 3 3 3 2 1 Low Security (%) 50 | 100 85 100 . 100 17 24 100 33 . . . . 59 Level 1 28 | . 14 . . . 35 75 . 48 9 39 46 47 40 Level 2 17 | . . . . . 46 . . 17 57 12 48 52 . Level 3 4 | . . . . . . . . . 33 48 4 . . Level 4 . | . . . . . . . . . . . . . . Level 5 . | . . . . . . . . . . . . . . High Security . | . . . . . . . . . . . . . . Max Security . | . . . . . . . . . . . . . . Squads Dispatched 17 | . 3 . . . 1 2 . 1 . . 3 . 7 Investigation 4 | . 2 . . . . . . 1 . . . . 1 Extermination 3 | . . . . . . 1 . . . . . . 2 Reinforcement 7 | . 1 . . . . . . . . . 2 . 4 Assault 2 | . . . . . 1 . . . . . 1 . . Garrison 1 | . . . . . . 1 . . . . . . . Intercept . | . . . . . . . . . . . . . . Construction Impeded 1 | . . . . . . . . . . . 1 . . Haulers Reinforced . | . . . . . . . . . . . . . . Stealth | -11 -10 -10 -10 -9 -8 -7 -6 -6 -6 -6 -6 -5 -4 --------- Run | Scr Mat Min Exi Min Mat Fac Fac Ext Cet Arc Hub Fac Fac Distress Signals 18 | . . . . . 3 . . . 2 . 3 . 10 Communications Jammed . | . . . . . . . . . . . . . . Distress Signals . | . . . . . . . . . . . . . . Times Spotted 171 | . 21 2 . 4 24 6 . 20 19 7 32 7 29 Peak Tracking Total 12 | . 4 2 . 2 6 3 . 4 5 8 7 4 12 Tactical Retreats 12 | . . . . . 1 . . 2 . 1 3 1 4 Traps | -11 -10 -10 -10 -9 -8 -7 -6 -6 -6 -6 -6 -5 -4 ------- Run | Scr Mat Min Exi Min Mat Fac Fac Ext Cet Arc Hub Fac Fac Traps Triggered 11 | . 1 . . 1 2 . . 3 . . . 1 3 Indirectly . | . . . . . . . . . . . . . . Trap Hack Attempts . | . . . . . . . . . . . . . . Triggered . | . . . . . . . . . . . . . . Disarmed . | . . . . . . . . . . . . . . Reprogrammed . | . . . . . . . . . . . . . . Reused . | . . . . . . . . . . . . . . Traps Extracted . | . . . . . . . . . . . . . . Installed 4 | . . . . 4 . . . . . . . . . Triggered . | . . . . . . . . . . . . . . Machines | -11 -10 -10 -10 -9 -8 -7 -6 -6 -6 -6 -6 -5 -4 ---------- Run | Scr Mat Min Exi Min Mat Fac Fac Ext Cet Arc Hub Fac Fac Machines Disabled 18 | . . . . . 5 1 . 4 6 1 1 . . Max in Single Turn 3 | . . . . . 2 1 . 1 3 . 1 . . Garrison Access 1 | . . . . . 1 . . . . . . . . Machines Sabotaged . | . . . . . . . . . . . . . . Garrisons Compromised . | . . . . . . . . . . . . . . Overloaded Fab Kills . | . . . . . . . . . . . . . . Fab Network Shutdowns . | . . . . . . . . . . . . . . Hacking | -11 -10 -10 -10 -9 -8 -7 -6 -6 -6 -6 -6 -5 -4 --------- Run | Scr Mat Min Exi Min Mat Fac Fac Ext Cet Arc Hub Fac Fac Machines Accessed 28 | . 6 1 1 1 3 2 1 6 3 . 2 . 2 Terminals 21 | . 4 1 . . 2 2 . 6 3 . 2 . 1 Fabricators . | . . . . . . . . . . . . . . Repair Stations 2 | . 1 . . . . . 1 . . . . . . Recycling Units 1 | . 1 . . . . . . . . . . . . Scanalyzers 1 | . . . . . . . . . . . . . 1 Garrison Access 1 | . . . . . 1 . . . . . . . . Total Hacks 79 | . 15 1 23 1 6 3 1 13 8 . 4 . 4 Successful 45 | . 9 . 23 1 3 . . 4 2 . 1 . 2 Failed 34 | . 6 1 . . 3 3 1 9 6 . 3 . 2 Catastrophic 5 | . . . . . 1 . . 1 2 . 1 . . Database Lockouts . | . . . . . . . . . . . . . . Manual 27 | . 12 1 . . 5 3 1 . 1 1 3 . . Terminals 47 | . 11 1 . . 5 3 . 13 8 . 4 . 2 Fabricators . | . . . . . . . . . . . . . . Repair Stations 4 | . 3 . . . . . 1 . . . . . . Recycling Units 1 | . 1 . . . . . . . . . . . . Scanalyzers 2 | . . . . . . . . . . . . . 2 Garrison Access 1 | . . . . . 1 . . . . . . . . Terminal Hacks 32 | . 1 . 23 1 . . . 4 2 . 1 . . Record 25 | . . . 23 . . . . . 2 . . . . Part Schematic 1 | . 1 . . . . . . . . . . . . Robot Analysis 2 | . . . . . . . . 1 . . 1 . . Open Door 4 | . . . . 1 . . . 3 . . . . . Fabricator Hacks . | . . . . . . . . . . . . . . Repair Station Hacks 3 | . 3 . . . . . . . . . . . . Scan Component 1 | . 1 . . . . . . . . . . . . Repair 1 | . 1 . . . . . . . . . . . . Refit 1 | . 1 . . . . . . . . . . . . Recycling Unit Hacks . | . . . . . . . . . . . . . . Scanalyzer 2 | . . . . . . . . . . . . . 2 Insert Component 1 | . . . . . . . . . . . . . 1 Analyze 1 | . . . . . . . . . . . . . 1 Garrison Access Hacks . | . . . . . . . . . . . . . . Unauthorized Hacks 8 | . 5 . . . 3 . . . . . . . . Terminals 7 | . 4 . . . 3 . . . . . . . . Track 1 | . . . . . 1 . . . . . . . . Botnet 4 | . 3 . . . 1 . . . . . . . . Operators 2 | . 1 . . . 1 . . . . . . . . Fabricators . | . . . . . . . . . . . . . . Repair Stations . | . . . . . . . . . . . . . . Recycling Units 1 | . 1 . . . . . . . . . . . . Tunnel 1 | . 1 . . . . . . . . . . . . Scanalyzers . | . . . . . . . . . . . . . . Garrison Access . | . . . . . . . . . . . . . . Data Cores Recovered . | . . . . . . . . . . . . . . Used . | . . . . . . . . . . . . . . Hacking Detections 21 | . 4 1 . . 3 2 1 3 3 . 2 . 2 Full Trace Events 2 | . . . . . . . . 1 . . . . 1 Feedback Events 1 | . . . . . . . . . . . . . 1 Corruption 1 | . . . . . . . . . . . . . 1 Feedback Blocked . | . . . . . . . . . . . . . . Robot Schematics Acquired . | . . . . . . . . . . . . . . Robots Built . | . . . . . . . . . . . . . . Matter . | . . . . . . . . . . . . . . Time . | . . . . . . . . . . . . . . Total Robot Build Rating . | . . . . . . . . . . . . . . Part Schematics Acquired 2 | . 1 . . . . . . . . . . . 1 Parts Built . | . . . . . . . . . . . . . . Matter . | . . . . . . . . . . . . . . Time . | . . . . . . . . . . . . . . Total Part Build Rating . | . . . . . . . . . . . . . . Parts Repaired 1 | . 1 . . . . . . . . . . . . Time 26 | . 26 . . . . . . . . . . . . Parts Recycled . | . . . . . . . . . . . . . . Recycled Matter . | . . . . . . . . . . . . . . Retrieved Matter . | . . . . . . . . . . . . . . Retrieved Components . | . . . . . . . . . . . . . . Parts Scanalyzed 1 | . . . . . . . . . . . . . 1 Part Schematics Acquired 1 | . . . . . . . . . . . . . 1 Parts Damaged 1 | . . . . . . . . . . . . . 1 Bothacking | -11 -10 -10 -10 -9 -8 -7 -6 -6 -6 -6 -6 -5 -4 ------------ Run | Scr Mat Min Exi Min Mat Fac Fac Ext Cet Arc Hub Fac Fac Used RIF Installer . | . . . . . . . . . . . . . . Robots Hacked 3 | . . . . . . . . . 2 . . . 1 Non-combat . | . . . . . . . . . . . . . . Combat 3 | . . . . . . . . . 2 . . . 1 Robot Hacks Applied 3 | . . . . . . . . . 2 . . . 1 parse_system 3 | . . . . . . . . . 2 . . . 1 Relay Couplers Released 1 | . . . . . 1 . . . . . . . . Machine Destruction 1 | . . . . . 1 . . . . . . . . Robots Rewired 3 | . . . . . . . . 3 . . . . . Allies Hacked . | . . . . . . . . . . . . . . Hacks Repelled . | . . . . . . . . . . . . . . Allies | -11 -10 -10 -10 -9 -8 -7 -6 -6 -6 -6 -6 -5 -4 -------- Run | Scr Mat Min Exi Min Mat Fac Fac Ext Cet Arc Hub Fac Fac Total Allies 18 | . . 1 . 5 . . . 7 5 . . . . Largest Group 8 | . . 1 . 5 5 . . 6 8 6 . . . Highest-Rated Group 675 | . . 31 . 91 91 . . 312 675 496 . . . Highest-Rated Ally 156 | . . 31 . 31 31 . . 156 150 94 . . . Total Orders 16 | . . . . . . . 4 . 2 . . . 10 STAY 2 | . . . . . . . . . 1 . . . 1 FOLLOW 1 | . . . . . . . . . 1 . . . . EXPLORE 8 | . . . . . . . 2 . . . . . 6 RETURN 5 | . . . . . . . 2 . . . . . 3 Ally Attacks 313 | . . . . 3 56 . . 89 111 54 . . . Total Damage 8077 | . . . . 52 811 . . 1685 3306 2223 . . . Kills 60 | . . . . 2 11 . . 16 17 14 . . . Allies Corrupted . | . . . . . . . . . . . . . . Allies Melted . | . . . . . . . . . . . . . . Intel | -11 -10 -10 -10 -9 -8 -7 -6 -6 -6 -6 -6 -5 -4 ------- Run | Scr Mat Min Exi Min Mat Fac Fac Ext Cet Arc Hub Fac Fac Robot Analysis Total 2 | . . . . . . . . 1 . . 1 . . Derelict Logs Recovered 3 | . . 1 . 2 . . . . . . . . . Drone Launches 21 | . . . . . . . 2 . . . . . 19 Drone Recoveries 5 | . . . . . . . 2 . . . . . 3 Exploration | -11 -10 -10 -10 -9 -8 -7 -6 -6 -6 -6 -6 -5 -4 ------------- Run | Scr Mat Min Exi Min Mat Fac Fac Ext Cet Arc Hub Fac Fac Turns Passed 8123 | 95 658 888 508 753 730 532 336 771 631 163 506 392 1160 Spaces Moved 4293 | 56 296 519 318 419 411 260 195 397 360 95 200 242 525 Core 269 | 7 . . . . . . . . . . . . 262 Treads 2470 | 49 296 519 318 419 60 164 17 187 7 . 81 90 263 Legs . | . . . . . . . . . . . . . . Wheels 1554 | . . . . . 351 96 178 210 353 95 119 152 . Hover . | . . . . . . . . . . . . . . Flight . | . . . . . . . . . . . . . . Fastest Speed 50 | 50 160 160 160 160 110 140 150 140 140 150 160 120 50 Average Speed 150 | 150 160 160 160 160 136 160 157 160 151 156 160 145 112 Slowest Speed 250 | 160 160 160 160 160 180 172 192 175 180 160 180 160 250 Overloaded Moves . | . . . . . . . . . . . . . . Propulsion Burnouts . | . . . . . . . . . . . . . . Robots Hopped . | . . . . . . . . . . . . . . Cave-ins Triggered 1 | . . . . . . . . . . . . . 1 Exploration Rate (%) 52 | 5 68 99 77 95 40 9 6 54 95 97 29 10 50 Regions Visited 13 Branch Regions 7 Pre-discovered Areas 3 | . 1 1 1 . . . . . . . . . . Known Exits Taken 3 | . . . . . . . . 1 . . 1 1 . Unknown Exits Taken 10 | 1 1 1 1 1 1 1 1 . 1 1 . . . Scrap Searched 2 | . . 1 . 1 . . . . . . . . . Spaces Dug 44 | . . . . . . 18 5 . . 1 1 1 18 Terrain Destroyed 236 | . . 1 . . 21 18 5 . 70 1 36 64 20 Melee 43 | . . . . . . 18 5 . . . 1 1 18 Projectile 30 | . . 1 . . 1 . . . 3 1 22 . 2 AOE 163 | . . . . . 20 . . . 67 . 13 63 . Terrain Rammed . | . . . . . . . . . . . . . . Walls Destroyed . | . . . . . . . . . . . . . . Machines Disabled . | . . . . . . . . . . . . . . Actions | -11 -10 -10 -10 -9 -8 -7 -6 -6 -6 -6 -6 -5 -4 --------- Run | Scr Mat Min Exi Min Mat Fac Fac Ext Cet Arc Hub Fac Fac Total 5436 | 64 408 548 317 465 528 321 216 497 425 105 296 269 977 Wait 525 | . 50 4 . 12 30 14 4 16 5 . 32 3 355 Move 4281 | 55 295 518 317 418 410 259 194 396 359 94 200 241 525 Hop . | . . . . . . . . . . . . . . Pick Up 69 | 3 7 4 . 2 15 4 4 6 8 1 6 5 4 Fast Attach 36 | 6 1 . . 1 3 1 1 1 7 . 5 2 8 Attach 40 | . . 1 . 1 5 2 3 2 . 3 7 2 14 Detach 12 | . . . . . 3 1 3 1 1 . 1 1 1 Swap 83 | . 4 3 . 1 15 7 . 21 12 2 7 7 4 Drop 62 | . 1 4 . 3 16 3 2 13 16 1 . 1 2 Fire 229 | . 41 12 . 15 29 12 . 18 15 1 36 6 44 Melee 55 | . . . . . . 18 5 6 2 3 1 1 19 Ram 2 | . . . . . 1 . . 1 . . . . . Kick . | . . . . . . . . . . . . . . Crush 23 | . 9 2 . 6 1 . . 3 . . 1 . 1 Escape Stasis 14 | . . . . 2 . . . 12 . . . . . Rewire 1 | . . . . . . . . 1 . . . . . Trap 4 | . . . . 4 . . . . . . . . . Miscellaneous . | . . . . . . . . . . . . . . Route ------- -11/Scrapyard -10/Materials (discovered 3 exits: [*Mat x2] / *Min) -10/Mines (discovered 3 exits: [*Mat x2] / *Exi) -10/Exiles -9/Mines (discovered 2 exits: *Mat x2) -8/Materials -7/Factory -6/Factory -6/Extension (discovered 2 exits: *Fac / *Cet) -6/Cetus (discovered 3 exits: *Fac x2 / *Arc) -6/Archives (discovered 3 exits: *Fac / *Hub x2) -6/Hub_04(d) -5/Factory -4/Factory (discovered 1 exit: [*Arm]) History --------- Turn | Location | Event 28 | -11/Scrapyard | Discovered new exit (range 15) 96 | -11/Scrapyard | Entered Materials 277 | -10/Materials | Discovered new exit (range 13) 305 | -10/Materials | Build established: Mutant 493 | -10/Materials | Repaired Lgt. Treads 654 | -10/Materials | Discovered new exit (range 8) 726 | -10/Materials | Discovered new exit (range 6) 754 | -10/Materials | Entered Mines 761 | -10/Mines | Joined a pair of Derelicts in attacking an 0b10 outpost 860 | -10/Mines | Discovered new exit (range 4) 955 | -10/Mines | Received a Rocket Launcher from a helpful Derelict 1262 | -10/Mines | Discovered new exit (range 6) 1264 | -10/Mines | Received a Mining Laser from a helpful Derelict 1538 | -10/Mines | Excavation squad dispatched 1538 | -10/Mines | A large section of the Mines collapsed 1636 | -10/Mines | Deemed a non-threat by the Exiles lab entrance 1636 | -10/Mines | Discovered new exit (range 5) 1642 | -10/Mines | Entered Exiles 1681 | -10/Exiles | Met 8R-AWN 1711 | -10/Exiles | Met EX-HEX 1758 | -10/Exiles | Met EX-BIN 1777 | -10/Exiles | Met EX-DEC 1826 | -10/Exiles | Visited The Gauntlet 1990 | -10/Exiles | Learned location of Zion (-6) 2137 | -10/Exiles | Discovered new exit (range 10) 2150 | -10/Exiles | Entered Mines 2257 | -9/Mines | Learned Materials emergency access door positions 2342 | -9/Mines | Learned Materials garrison access intel 2348 | -9/Mines | Assisted by bots powering up and referring to "LRC-V3" 2375 | -9/Mines | Found the Drone Emporium 2384 | -9/Mines | Found Prototype Device 2479 | -9/Mines | Found a hidden stash of uninstalled traps 2511 | -9/Mines | A weapon hastily lodged in a ceiling crevice suddenly fell to the ground 2785 | -9/Mines | Discovered new exit (range 13) 2878 | -9/Mines | Discovered new exit (range 9) 2903 | -9/Mines | Entered Materials 2903 | -8/Materials | Accompanied by 5 allies 2903 | -8/Materials | Evolved 4 slots: Propulsion x1, Utility x2, Weapon x1 2905 | -8/Materials | Loaded intel: 1 garrison access location 2908 | -8/Materials | Led the pair of lost Derelicts to an unsafe place 3320 | -8/Materials | Build established: Scavenger-Tank 3620 | -8/Materials | Discovered new exit (range 9) 3633 | -8/Materials | Entered Factory 3633 | -7/Factory | Evolved 2 slots: Utility x1, Weapon x1 3803 | -7/Factory | Garrison activated, responded to threat 4118 | -7/Factory | Discovered new exit (range 14) 4165 | -7/Factory | Entered another Factory area 4165 | -6/Factory | Evolved 2 slots: Propulsion x1, Utility x1 4382 | -6/Factory | Identified Decoy Drone Bay 4405 | -6/Factory | Discovered new exit (range 20) 4501 | -6/Factory | Entered Extension 4510 | -6/Extension | Disrupted transfer network 4683 | -6/Extension | Build established: Hauler-Gunner 4735 | -6/Extension | Rescued a captive Derelict 4800 | -6/Extension | Rescued a captive Derelict 4806 | -6/Extension | Rescued a captive Derelict 4848 | -6/Extension | Rescued A7 4973 | -6/Extension | Spotted B-75 Beast 4989 | -6/Extension | Spotted B-75 Beast 5002 | -6/Extension | Destroyed B-75 Beast 5003 | -6/Extension | Allies destroyed B-75 Beast 5221 | -6/Extension | Discovered new exit (range 16) 5223 | -6/Extension | Discovered new exit (range 15) 5253 | -6/Extension | Identified exit to Factory 5258 | -6/Extension | Identified exit to Cetus 5272 | -6/Extension | Entered Cetus 5272 | -6/Cetus | Accompanied by 3 allies (A7) 5277 | -6/Cetus | Acquired a Cetus Manufacturing Module code from A7 5294 | -6/Cetus | Spotted Cetus Guard 5294 | -6/Cetus | Spotted Cetus Guard 5296 | -6/Cetus | Spotted Cetus Guard 5299 | -6/Cetus | Spotted Cetus Guard 5300 | -6/Cetus | Allies destroyed Cetus Guard 5303 | -6/Cetus | Destroyed Cetus Guard 5304 | -6/Cetus | Destroyed Cetus Guard 5309 | -6/Cetus | Allies destroyed Cetus Guard 5408 | -6/Cetus | Build established: Scavenger-Gunner 5413 | -6/Cetus | Started Cetus Manufacturing Module 5433 | -6/Cetus | Escorted A7 to Cetus Mainframe 5438 | -6/Cetus | Manufactured an Enhanced Grunt 5463 | -6/Cetus | Manufactured an Enhanced Grunt 5488 | -6/Cetus | Manufactured an Enhanced Grunt 5513 | -6/Cetus | Manufactured an Enhanced Grunt 5538 | -6/Cetus | Manufactured an Enhanced Grunt 5637 | -6/Cetus | Discovered exit to Factory (range 15) 5714 | -6/Cetus | Build established: Scavenger-Mutant 5757 | -6/Cetus | Discovered new exit (range 16) 5778 | -6/Cetus | Extracted ID and sensor layout for unrecognized location from A7's data core 5793 | -6/Cetus | Spotted Cetus Guard 5793 | -6/Cetus | Spotted Cetus Guard 5801 | -6/Cetus | Spotted Cetus Guard 5801 | -6/Cetus | Spotted Cetus Guard 5804 | -6/Cetus | Allies destroyed Cetus Guard 5807 | -6/Cetus | Allies destroyed Cetus Guard 5809 | -6/Cetus | Allies destroyed Cetus Guard 5811 | -6/Cetus | Allies destroyed Cetus Guard 5818 | -6/Cetus | Discovered exit to Factory (range 16) 5827 | -6/Cetus | Met Revision 17 5903 | -6/Cetus | Entered Archives 5903 | -6/Archives | Accompanied by 6 allies 5941 | -6/Archives | Met Zhirov 5947 | -6/Archives | Reinforcements dispatched to Archives 5957 | -6/Archives | Unable to access archive contents 5979 | -6/Archives | Unable to access archive contents 5979 | -6/Archives | Unable to access archive contents 5982 | -6/Archives | Discovered new exit (range 15) 5992 | -6/Archives | Reinforcements dispatched to Archives 6012 | -6/Archives | Zhirov detonated Archives 6031 | -6/Archives | Discovered exit to Factory (range 16) 6043 | -6/Archives | Lost 3 parts (1n2w) 6052 | -6/Archives | Discovered new exit (range 10) 6066 | -6/Archives | Entered Hub_04(d) 6402 | -6/Hub_04(d) | Spotted B-75 Beast 6412 | -6/Hub_04(d) | Destroyed B-75 Beast 6416 | -6/Hub_04(d) | First assault squad dispatched 6506 | -6/Hub_04(d) | Lost 7 parts (1p2n2u2w) 6513 | -6/Hub_04(d) | Destroyed 9 combat bots 6523 | -6/Hub_04(d) | Discovered exit to Factory (range 12) 6572 | -6/Hub_04(d) | Entered Factory 6572 | -5/Factory | Evolved 2 slots: Propulsion x1, Utility x1 6933 | -5/Factory | Discovered new exit (range 15) 6962 | -5/Factory | Identified exit to Factory 6964 | -5/Factory | Entered another Factory area 6964 | -4/Factory | Evolved 2 slots: Propulsion x1, Utility x1 7382 | -4/Factory | Lost 3 parts (1n2w) 7661 | -4/Factory | Released all parts (7) 7666 | -4/Factory | Core integrity fell below 50% 7690 | -4/Factory | Lost 18 parts (2p6n5u5w) 7741 | -4/Factory | Crushed by falling debris 7741 | -4/Factory | Core integrity fell below 20% 7741 | -4/Factory | System corruption reached 10% 7802 | -4/Factory | Discovered new exit (range 196) 7950 | -4/Factory | Build established: Mutant 8096 | -4/Factory | Spotted B-86 Titan 8124 | -4/Factory | Destroyed by G-67 Veteran with Electrolaser Last Messages --------------- 08046_ Decoy Drone destroyed. 08047_ 6E6VT>MPICCX/ZUGIEQI7B8X1PN JCA 08047_ Slug penetrates H-77 Assassin. 08047_ H-77 Assassin suffers critical hit. 08047_ Decoy Drone destroyed. 08072_ System corrupted: Heat flow error (+213). 08089_ ALERT: Rogue bot located, Programmers report to Factory Zone 1T. 08090_ AUSTBZC 08099_ Acquired 3 matter. 08099_ Penetrated by Slug. 08100_ Acquired 3 matter. 08100_ Acquired 2 matter. 08103_ Penetrated by Slug. 08103_ Slug penetrates Wall. 08109_ Slug penetrates Pressure Siphon. 08116_ System corrupted: Energy discharge (-23). 08123_ Jacked G-67 Veteran... >>parse_system Reading system data... [Achievement: Back For More] Map ----- +----------------------------------------------------+ | +## ###### """ """ """ # #??# """ """ # #??? | | + # #??# "" # #??? | | ###### ! # #??# # #??? | | #????################# #??# # #??? | | #???????????########## #??# # #??? | | #??########## ] # ############## #??? | | #### # """ # ## ###### ###" | | + """ # """ # ##" # | | ######## """ # """ # ##" """ # | | # """ # # ##" """ # "%%" | | + # """ + ##T """ # """" | | # """ # """ # ##" # ! """% | | !!### # """ # """ # ##" """ # | | !=#?# # """ # # ##" """ # """" | | #?# # ########## o ## """ # """" | | #?# ##########????????#=% ## # "%"" | | #?# #?????######??????# * " =! # | | / #?# #?????# ! #??????# ## !! # % | | #?# #?????# #??????# ## ! # #### | | #?# ####### =#??????# ## # #??# | | #?# + ######## #####+### #??# | | #?# ####### # s #??# | | #?# #?????# # #??# | | #?# #?????# # g #??# | | #?#+############ #??# | | #?# # gg@ = #??# | | #?#"" # g############+#########??# | | #?#"" # # #!*= #??# | | #?#"T """ """ # % # #=%= ! #?#! | | #?#"" """ """ # " #! %=! ### | | #?#"" """ """ + # # ! !! # | | #?# # # # ! # "# | | #?# """ """ # # """ # + | | ### """ """ # # """ # #"## | | % + """ """ # # """ # # | | ##### # # "" + " ###+ | | #???# # # " # " # | | #???######/####### # " " #]! | | ##????????# #?????# # " ####!! | | ??????????# #?????# #####"""" ######?# | | ??????????# #?#####+#+######## ??????## | | ??????????# ### #### # ##???????# | | ??????????# + #???##? #????????#### | | ?########?# ### #???????????????????? | | ?# #?# #?# #???????????????????? | | ?# """ #?# #?# #???????????????????? | | ?# "T" #?# #?# #???????????????????? | | ## #?# #?###+############???????????????????? | | # #?# ##### ###????##############??????????? | | #] #?# ### ###### #??????????? | +----------------------------------------------------+ Best States ------------- Heat Dissipation 74 Energy Generation 25 Energy Capacity 350 Matter Stores 300 Matter Capacity 300 Sight Range 16 Robot Scan Range 16 Terrain Scan Density 10 Armor Coverage 450 Resistance: KI 30 Propulsion Shielding 33 Utility Shielding 66 Weapon Cycling 15 Melee Speed Boost 30 Evasion (%) 50 Targeting Accuracy 6 Recoil Reduction 5 Offensive Hacking 10 Item Schematics ----------------- Hcp. Storage Unit | -10/Materials | Hacked Hvy. Rocket Launcher | -4/Factory | Scanalyzed Robot Schematics ------------------ None Fabricated ------------ Nothing Alien Tech Used ----------------- None Achievements -------------- Back For More Prison Break Project G-00 Revising The Future Challenges ------------ None Game ------ Seed CorruptionDeepBarrier Manual? 0 Play Time 02:04:37 Cumulative 77.7 hours Start 2021.08.24 @ 22:00:15 End 2021.08.27 @ 19:23:38 Sessions 17 Manual Loads 0 Difficulty Rogue Special Mode None Game No. 50 Rogue 50 Adventurer 0 Explorer 0 Win Type - Total 0 Types 0/0/0/0/0/0/0/0/0 Lore% 52 Gallery% 68 Achievement% 42 Wizard Run 0 Options --------- ASCII 0 Keyboard 1 Movement Vi Keybinds 0 Fullscreen 2 Font 18/Cog Map View 76x50 Tactical HUD 1 Map Filters NONE Filters NONE Steam 0 RUN: cec24988-14c3-4bc1-9100-22c92cd97cc4